 Dungeon Crawl Stone Soup version 0.21.0-25-ge575cb9 (webtiles) character file.

371 nikopol the Shooter (level 6, -6/50 HPs)
             Began as a Centaur Arcane Marksman on Jan 22, 2018.
             Mangled by a kobold
             ... wielding a +0 short sword of electrocution
              (14 damage)
             ... on level 4 of the Dungeon.
             The game lasted 00:15:08 (3913 turns).

nikopol the Shooter (Centaur Arcane Marksman)       Turns: 3913, Time: 00:15:09

Health: -6/50      AC: 13    Str: 13    XL:     6   Next: 42%
Magic:  7/7        EV:  4    Int: 12    God:
Gold:   245        SH:  0    Dex: 11    Spells: 4/7 levels left

rFire    . . .     SeeInvis .   z - +2 mace (protect)
rCold    . . .     Gourm    .   (no shield)
rNeg     . . .     Faith    .   s - +3 chain mail
rPois    .         Spirit   .   u - +2 helmet
rElec    .         Reflect  .   (no cloak)
rCorr    .         Harm     .   (no gloves)
MR       +....                  (no barding)
Stlth    ..........             r - amulet of regeneration
HPRegen  0.16/turn              j - ring of protection from magic
MPRegen  0.10/turn              (no ring)

@: very quick
A: large, hooves 3, deformed body, speed 2, tough skin 3
a: no special abilities


You were on level 4 of the Dungeon.
You were not hungry.

You visited 1 branch of the dungeon, and saw 4 of its levels.

You collected 245 gold pieces.

Inventory:

Hand Weapons
 a - a +0 shortbow
 i - a +0 dagger
 z - a +2 mace of protection (weapon)
Armour
 e - a +0 robe
 m - a +0 leather armour
 s - a +3 chain mail (worn)
 u - a +2 helmet (worn)
Jewellery
 j - a ring of protection from magic (left hand)
 r - an amulet of regeneration (around neck)
Scrolls
 h - 2 scrolls of teleportation
 o - a scroll of fog {unknown}
 p - a scroll of remove curse
 t - a scroll of amnesia {unknown}
 v - a scroll of fear {unknown}
Potions
 g - a potion of haste
 k - a potion of heal wounds
 l - a potion of curing
 n - a potion of lignification {unknown}
 q - 2 potions of agility
Books
 c - a book of Debilitation

   Spells                             Type                      Level
   a - Corona                         Hexes                        1
   b - Slow                           Hexes                        2
   c - Inner Flame                    Hexes/Fire                   3
   d - Portal Projectile              Hexes/Translocation          3
   e - Cause Fear                     Hexes                        4
   f - Leda's Liquefaction            Hexes/Earth                  4
Comestibles
 f - 7 rations


   Skills:
 + Level 2.5 Fighting
 + Level 0.2 Short Blades
 + Level 1.6 Maces & Flails
 + Level 5.7 Bows
 + Level 1.8 Armour
 + Level 2.1 Dodging
 + Level 1.0 Spellcasting
 + Level 3.2 Hexes


You had 4 spell levels left.
You knew the following spells:

 Your Spells              Type           Power        Failure   Level  Hunger
a - Corona                Hex            #......      95%         1    ##.....
b - Slow                  Hex            #.......     99%         2    ###....


Dungeon Overview and Level Annotations

Branches:
Dungeon (4/15)
 Temple: D:4-7

Altars:
Makhleb
Ru
Yredelemnul
Zin


Innate Abilities, Weirdness & Mutations

You have hooves in place of feet.
Armour fits poorly on your strangely shaped body.
You cover ground very quickly.
You have extremely tough skin. (AC +3)


Message History

There is a stone staircase leading down here.
Wield which item (- for none, * to show all)? (? for menu, Esc to quit)
You are already wielding that!
The giant cockroach bites you but does no damage.
Wield which item (- for none, * to show all)? (? for menu, Esc to quit)
Your +2 mace of protection hums with potential!
z - a +2 mace of protection (weapon)
The giant cockroach bites you but does no damage.
Your chain mail prevents you from hitting the giant cockroach.
The giant cockroach barely misses you.
You barely miss the giant cockroach.
The giant cockroach bites you but does no damage. x2
You hit the giant cockroach.
Your weapon exudes an aura of protection.
You kick the giant cockroach.
You kill the giant cockroach!
The kobold hits you with a short sword of electrocution.
* * * LOW HITPOINT WARNING * * *
You are electrocuted!
You die...

###### .....# .....#
.....## ......# ......#
###...#########
#...>.......####### #
#...........#.@...# #
###............K..# #
#............#..# #
#...........K...# #
##.###...>.....#### #.#
#.######.....#
######.###..s...##....#
.......#....###.####..#
### ########....#...#
#..# ...


You could see 2 kobolds.

Vanquished Creatures
  A phantom (D:4)
  2 scorpions (D:4)
  An orc wizard (D:4)
  A worker ant (D:3)
  3 adders (D:2)
  2 worms
  5 dart slugs
  6 leopard geckos
  15 orcs
  3 ball pythons
  9 bats
  A giant cockroach (D:4)
  2 goblins
  2 hobgoblins (D:2)
  2 quokkas (D:2)
  2 frilled lizards
  8 kobolds
  7 rats
72 creatures vanquished.

Vanquished Creatures (others)
  A plant (D:4)
1 creature vanquished.

Grand Total: 73 creatures vanquished

Notes
Turn   | Place    | Note
-------+----------+-------------------------------------------
     0 | D:1      | nikopol the Centaur Arcane Marksman began the quest for the Orb.
     0 | D:1      | Reached XP level 1. HP: 16/16 MP: 2/2
   182 | D:1      | Reached XP level 2. HP: 23/23 MP: 3/3
   192 | D:1      | Learned a level 2 spell: Slow
   638 | D:1      | Reached skill level 3 in Bows
   865 | D:2      | Reached XP level 3. HP: 16/28 MP: 4/4
  1113 | D:2      | Found a sacrificial altar of Ru.
  1798 | D:2      | Reached skill level 4 in Bows
  1873 | D:2      | Reached XP level 4. HP: 35/36 MP: 5/5
  2330 | D:3      | Found a basalt altar of Yredelemnul.
  2438 | D:3      | Found a glowing silver altar of Zin.
  2869 | D:3      | Found a burning altar of Makhleb.
  2927 | D:4      | Noticed an orc warrior
  3224 | D:3      | Reached skill level 5 in Bows
  3465 | D:4      | Reached XP level 5. HP: 29/41 MP: 6/6
  3574 | D:4      | Reached skill level 1 in Armour
  3584 | D:4      | Reached skill level 1 in Maces & Flails
  3584 | D:4      | Reached XP level 6. HP: 13/49 MP: 7/7
  3913 | D:4      | Mangled by a kobold

Skill      XL: |  1  2  3  4  5 |
---------------+----------------+-----
Hexes          | 3 |  3.2
Bows           | 3 4 5 |  5.7
Dodging        | 2 |  2.1
Fighting       | 2 |  2.5
Armour         | 1 |  1.8
Maces & Flails | 1 |  1.6
Short Blades   | |  0.2
Spellcasting   | |  1.0

Action                   |  1- 3 |  4- 6 || total
-------------------------+-------+-------++-------
Melee: Mace              |       |    72 ||    72
       Kick              |       |    20 ||    20
       Dagger            |       |     6 ||     6
 Fire: Shortbow          |   134 |   114 ||   248
 Cast: Corona            |       |     3 ||     3
  Use: Scroll            |       |     7 ||     7
       Potion            |       |     1 ||     1
  Eat: Chunk             |     2 |     2 ||     4
       Ration            |       |     1 ||     1
Armor: Robe              |     5 |       ||     5
       Leather armour    |    45 |     8 ||    53
       Chain mail        |       |    68 ||    68
Dodge: Dodged            |    48 |    49 ||    97
